 Dungeon Crawl Stone Soup version 0.26-a0-1035-g76280ab330 (webtiles) character file.

Game seed: 4467984829965022195

147 Dracia the Poker (level 5, -2/41 HPs)
             Began as a Merfolk Delver on Dec 10, 2020.
             Slain by Grinder (7 damage)
             ... while paralysed by Grinder
             ... on level 3 of the Dungeon.
             The game lasted 00:03:29 (2121 turns).

Dracia the Poker (Merfolk Delver)                   Turns: 2121, Time: 00:03:30

Health: -2/41      AC:  3    Str: 12    XL:     5   Next: 29%
Magic:  5/5        EV:  2    Int: 10    God:
Gold:   25         SH:  0    Dex: 16    Spells: 4/4 levels left

rFire    . . .     SeeInvis .   a - +0 spear
rCold    . . .     Faith    .   (no shield)
rNeg     . . .     Spirit   .   b - +0 leather armour
rPois    .         Reflect  .   (no helmet)
rElec    .         Harm     .   (no cloak)
rCorr    .         Rampage  .   (no gloves)
Will     .....                  (no boots)
Stlth    ++++......             (no amulet)
HPRegen  0.13/turn              Z - ring of wizardry
MPRegen  0.09/turn              Q - ring of stealth

@: paralysed, mighty, flying
A: change form in water, swift swim, stealthy swim
a: no special abilities


You were on level 3 of the Dungeon.
You visited 1 branch of the dungeon, and saw 3 of its levels.
You also visited: Sewer.

You collected 25 gold pieces.


   Skills:
 - Level 3.2 Fighting
 + Level 7.7 Polearms
 - Level 2.6 Dodging
 - Level 5.4 Stealth


You had 4 spell levels left.
You didn't know any spells.
Your spell library was empty.

Inventory:

Hand Weapons
 a - a +0 spear (weapon)
Armour
 b - a +0 leather armour (worn)
Jewellery
 Q - a ring of stealth (right hand)
 Z - a ring of wizardry (left hand)
Wands
 g - a wand of digging (3)
Scrolls
 c - a scroll of fog
 e - a scroll of fear
 f - a scroll of remove curse {unknown}
 h - 3 scrolls of blinking {unknown}
Potions
 d - 2 potions of might

Dungeon Overview and Level Annotations

Branches:
Dungeon (5/15)              Sewer (visited)
 Temple: D:4-7

Altars:
Qazlal
Wu Jian

Annotations:
D:3 Grinder

**,,* *.#* #.**..*#. *,,**
####.* #.##.###. *,,**
####....# #.#..##..
**,,**##.......##
##.#.##..#
**,.##..#..≈#..###.......##
**.....≈≈≈≈≈...##.#..####
*#..#≈≈≈≈≈≈≈#.......#****
#...≈≈≈5≈≈≈≈.##..##....$
#...≈≈≈@≈≈≈...#..##.....
##.≈≈≈≈≈≈≈≈...(..>......
#.#≈≈≈≈≈≈≈#.##.###.....
#...≈≈≈≈≈......# *...$.
##..#...#....### *#####
##.........## ####.....##
#######


You could see Grinder.


Message History

* * * LOW HITPOINT WARNING * * *
You hit Grinder.
Grinder is moderately wounded.
The giant cockroach completely misses you.
Unknown command.
It was a potion of magic.
Magic courses through your body. The giant cockroach closely misses you.
Grinder blinks!
It was a potion of flight.
You feel very buoyant.
Your tail turns into legs as you fly out of the water.
The giant cockroach bites you but does no damage.
The giant cockroach misses you.
You puncture the giant cockroach!
You kill the giant cockroach!
There is a collapsed entrance here.
You puncture Grinder!
Grinder is heavily wounded.
Grinder gestures at you.
You suddenly lose the ability to move!
Grinder gestures at you.
You barely resist. Grinder hits you.
* * * LOW HITPOINT WARNING * * *
You writhe in agony.
* * * LOW HITPOINT WARNING * * *
Grinder hits you but does no damage. Grinder gestures at you.
You shrug off the repeated paralysis!
Grinder hits you!
You die...

Skill      XL: |  1  2  3  4 |
---------------+-------------+-----
Polearms       | 5 6 7 |  7.7
Fighting       | |  3.2
Dodging        | |  2.6
Stealth        | |  5.4

Action                   |  1- 3 |  4- 6 || total
-------------------------+-------+-------++-------
Melee: Spear             |    32 |   166 ||   198
       Tailslap          |       |    19 ||    19
  Use: Potion            |     1 |     4 ||     5
       Scroll            |       |     1 ||     1
 Stab: Sleeping          |       |    11 ||    11
Armor: Leather armour    |     3 |    17 ||    20
Dodge: Dodged            |    14 |    86 ||   100

Levels and vault maps discovered:
D:3:      layout_rooms, nicolae_overflow_hidden_temple,
          chequers_temple_overflow_statue_of_worship,
          cheibrodos_sewer_entry_drain, uniq_grinder, uniq_terence
D:4:      layout_rooms, vehumet_crystals, kennysheep_donut,
          nicolae_ru_sacrificial_ziggurat
D:5:      layout_basic, serial_shops, nicolae_shop_crystal

Notes
Turn   | Place    | Note
-------+----------+-------------------------------------------
     0 | D:5      | Dracia the Merfolk Delver began the quest for the Orb.
     0 | D:5      | Reached XP level 1. HP: 18/18 MP: 1/1
    61 | D:5      | HP: 1/18 [water moccasin skeleton (6)]
    66 | D:5      | Reached skill level 5 in Polearms
    66 | D:5      | Reached XP level 2. HP: 1/24 MP: 2/2
    66 | D:5      | Reached XP level 3. HP: 2/29 MP: 3/3
   407 | D:5      | Reached skill level 6 in Polearms
   407 | D:5      | Reached XP level 4. HP: 20/35 MP: 4/4
   546 | D:5      | Noticed an ogre
   621 | D:5      | Noticed an ogre
   634 | D:4      | Noticed an ogre
   694 | D:3      | Found an ornate altar of the Wu Jian Council.
   695 | D:3      | Found a stormy altar of Qazlal.
  1070 | D:3      | Found a glowing drain.
  1071 | D:3      | Noticed Grinder
  1095 | Sewer    | Entered a sewer
  1275 | Sewer    | Reached skill level 7 in Polearms
  1397 | Sewer    | Reached XP level 5. HP: 30/41 MP: 5/5
  2096 | D:3      | Paralysed by Grinder for 2 turns
  2101 | D:3      | Paralysed by Grinder for 4 turns
  2116 | D:3      | Paralysed by Grinder for 7 turns
  2118 | D:3      | HP: 4/41 [Grinder (4)]
  2121 | D:3      | Slain by Grinder

Vanquished Creatures
  A water moccasin skeleton (D:5)
  A centaur skeleton (D:5)
  4 adders
  An ooze (D:5)
  A worm (D:3)
  4 ball pythons
  A bat (D:3)
  A giant cockroach (D:3)
  5 jackals (Sewer)
  9 kobolds
  A quokka (D:3)
  4 frilled lizards
33 creatures vanquished.

Vanquished Creatures (others)
  13 plants (Sewer)
13 creatures vanquished.

Grand Total: 46 creatures vanquished

Table legend: (Time is in decaauts)
 A = Elapsed time spent in this place.
 B = Non-inter-level travel time spent in this place.
 C = Inter-level travel time spent in this place.
 D = Time resting spent in this place.
 E = Time spent auto-exploring this place.
 F = Levels seen in this place.
 G = Mean time per level.
                   A        B        C        D        E       F      G
               +--------+--------+--------+--------+--------+-----+--------+
         Total |   1911 |   1911 |      0 |    945 |    517 |   4 |  477.8 |
       Dungeon |   1081 |   1081 |      0 |    761 |     92 |   3 |  360.3 |
         Sewer |    829 |    829 |      0 |    184 |    425 |   1 |  829.0 |
               +--------+--------+--------+--------+--------+-----+--------+

Top non-repeatable levels by time:
   Sewer: 829 daAuts
     D:5: 602 daAuts
     D:3: 459 daAuts
     D:4: 19 daAuts

Table legend:
 A = Non-vault XP
 B = Vault XP
 C = Vault XP percentage of total XP
 D = Non-vault monster count
 E = Vault monster count
 F = Vault count percentage of total count
                 A         B        C        D         E       F
            +---------+---------+-------+---------+---------+-------
      Total |     134 |      76 |  36.2 |       8 |      25 |  75.8
            +---------+---------+-------+---------+---------+-------
        D:3 |      20 |       9 |  31.0 |       5 |       3 |  37.5
        D:5 |     114 |       0 |   0.0 |       3 |       0 |   0.0
      Sewer |       0 |      67 | 100.0 |       0 |      22 | 100.0
            +---------+---------+-------+---------+---------+-------
